 Dungeon Crawl Stone Soup version 0.31-a0-1009-g454b1f1e0a (webtiles) character file.

Game seed: 9318867651615949386

120 CrazyBamboolord the Vexing (level 5, -5/38 HPs)
             Began as a Barachi Hexslinger on Nov 15, 2023.
             Succumbed to an orc wizard's poison
             ... on level 3 of the Dungeon.
             The game lasted 00:05:06 (2729 turns).

CrazyBamboolord the Vexing (Barachi Hexslinger)     Turns: 2729, Time: 00:05:07

Health: -5/38      AC:  6    Str:  9    XL:     5   Next: 4%
Magic:  8/8        EV: 13    Int: 16    God:
Gold:   140        SH:  0    Dex: 14    Spells: 6/8 levels left

rFire   . . .        a - +1 sling
rCold   . . .        (no shield)
rNeg    . . .        m - +2 robe {Will+}
rPois   .            d - +0 helmet
rElec   .            (no cloak)
rCorr   .            l - +0 pair of gloves
SInv    .            (no boots)
Will    .....        (no amulet)
Stlth   +            (no ring)
HPRegen 0.26/turn    (no ring)
MPRegen 0.11/turn

%: no passive effects
@: lethally poisoned (-5 -> -46), weak-willed, hasted, very quick
A: amphibious, slowness 1, strong legs 1, +LOS
a: Hop


You were on level 3 of the Dungeon.
You visited 1 branch of the dungeon, and saw 3 of its levels.

You collected 140 gold pieces.

Inventory:

Hand Weapons
 a - a +1 sling (weapon)
 b - a +1 dagger of venom
Armour
 d - a +0 helmet (worn)
 k - a +2 robe of fire resistance
 l - a +0 pair of gloves (worn)
 m - a +2 robe of willpower (worn)
Jewellery
 n - a +6 ring of dexterity
Scrolls
 e - a scroll of revelation {unknown}
 f - a scroll of enchant weapon {unknown}
 g - a scroll of noise {unknown}
 h - a scroll of amnesia {unknown}
 j - a scroll of blinking {unknown}


   Skills:
 + Level 2.0 Fighting
 * Level 2.9 Ranged Weapons
 * Level 3.0 Dodging
 * Level 2.3 Spellcasting
 * Level 3.9 Hexes
 + Level 1.8 Fire Magic


You had 6 spell levels left.
You knew the following spells:

 Your Spells              Type           Power      Damage    Failure   Level
a - Jinxbite              Hex            28%        N/A       6%          2

Your spell library contained the following spells:

 Spells                   Type           Power      Damage    Failure   Level
 Sigil of Binding         Hex            14%        N/A       12%         3
 Ensorcelled Hibernation  Hex/Ice        16%        N/A       14%         2
 Inner Flame              Hex/Fire       11%        N/A       19%         3
 Apportation              Tloc           2%         N/A       21%         1
 Passwall                 Tmut/Erth      0%         N/A       30%         2
 Cause Fear               Hex            7%         N/A       36%         4
 Swiftness                Air            1%         N/A       52%         3
 Dimensional Bullseye     Hex/Tloc       4%         N/A       65%         4


Dungeon Overview and Level Annotations

Branches:
Dungeon (3/15)

Altars:
Okawaru
Vehumet


Innate Abilities, Weirdness & Mutations

You are amphibious.
You cover ground slowly.
You can hop short distances.
You have an extended range of vision and can be seen from far away.


Message History

You shoot a sling bullet. Something hits you but does no damage.
You are poisoned.
You hear some strange, mumbled words.
A magic dart appears from out of thin air!
The magic dart hits you.
Casting: Jinxbite (safe; 6% risk of failure)
Confirm with . or Enter, or press ? or * to list all spells.
Okay, then.
Casting: Jinxbite (safe; 6% risk of failure)
Confirm with . or Enter, or press ? or * to list all spells.
Okay, then.
You shoot a sling bullet.
You feel very sick. Something barely misses you.
You shoot a sling bullet.
You feel very sick. Something hits you.
You are more poisoned.
You shoot a sling bullet.
You feel very sick. Something hits you but does no damage.
You are lethally poisoned!
You shoot a sling bullet.
You feel very sick. Something hits you.
* * * LOW HITPOINT WARNING * * *
You are more poisoned.
Something hits you but does no damage.
You are more poisoned.
It was a potion of haste.
You feel yourself speed up.
* * * LOW HITPOINT WARNING * * *
You feel extremely sick. Something hits you.
* * * LOW HITPOINT WARNING * * *
You are more poisoned.
Unknown command.
As you read the scroll labelled ORIABE GAKO, it crumbles to dust.
Magic quickly surges around you.
It was a scroll of vulnerability.
You die...

#.#.###.#..÷..>#
#.#
#.#.####......#
#.# #.⌠.##.#.###.#
#.# ##.##..).....#
#.#
#.....#..###.#####
#.# #...r.....##
#.# ###.#####
.......#### #.#
#.......# ....#.#
#{# #.#.###.#
##.##. #@#
#.#.###.## #.##
.........#
#.#....... #.#
##########
#.#####.## #.# #.#
#.# #.# #.#####.#
#.# ###########
#.......# ####.##
#.........#
######### ......#
#.#######.#
.###..# #.# #.#


There were no monsters in sight!

Vanquished Creatures
  Jessica (D:2)
  Robin (D:2)
  An adder (D:3)
  A worm (D:3)
  A dart slug (D:1)
  4 orcs (D:3)
  4 endoplasms
  5 giant cockroaches
  11 goblins
  7 hobgoblins
  A jackal (D:2)
  3 quokkas
  6 ball pythons
  4 bats
  2 frilled lizards
  4 kobolds
  6 rats
62 creatures vanquished.

Notes
Turn   | Place    | Note
-------+----------+-------------------------------------------
     0 | D:1      | CrazyBamboolord the Barachi Hexslinger began the quest for
                  | the Orb.
     0 | D:1      | Reached XP level 1. HP: 15/15 MP: 2/2
    33 | D:1      | Found a faded altar of an unknown god.
    38 | D:1      | Got Plato's Guidebook on Shifting
   117 | D:1      | Reached XP level 2. HP: 21/21 MP: 3/3
   316 | D:1      | Reached XP level 3. HP: 22/26 MP: 5/5
   319 | D:1      | Learned a level 2 spell: Jinxbite
  1063 | D:2      | Noticed Jessica
  1071 | D:2      | Killed Jessica
  1072 | D:2      | Reached XP level 4. HP: 14/33 MP: 6/6
  1358 | D:2      | Noticed Robin
  1891 | D:2      | Killed Robin
  1963 | D:3      | Found a radiant altar of Vehumet.
  1974 | D:3      | Found an iron altar of Okawaru.
  2560 | D:3      | Reached XP level 5. HP: 32/38 MP: 8/8
  2728 | D:3      | HP: 1/38 [something (2)]
  2729 | D:3      | Succumbed to an orc wizard's poison

Illustrated notes

Levels and vault maps discovered:
D:1:      co_arrival_random_square_maze, layout_loops_ring,
          shapermc_ecumenical_altar_rom_forum, hangedman_decor_growths,
          kennysheep_boxes
D:2:      minmay_chambers_of_ones, layout_loops_ring, uniq_jessica, uniq_robin
D:3:      layout_loops_corners, grunt_temple_overflow_open,
          mainiacjoe_overflow_alcove_4, grunt_decor_mini_mirrors

Skill      XL: |  1  2  3  4 |
---------------+-------------+-----
Spellcasting   | 2 |  2.3
Fighting       | 2 |  2.0
Dodging        | 3 |  3.0
Ranged Weapons | |  2.9
Hexes          | |  3.9
Fire Magic     | |  1.8

Action                     |  1- 3 |  4- 6 || total
---------------------------+-------+-------++-------
  Melee: Dagger            |       |    10 ||    10
   Fire: Sling             |    82 |   135 ||   217
   Cast: Jinxbite          |       |     1 ||     1
Ability: Hop               |       |     1 ||     1
    Use: Scroll            |       |     5 ||     5
         Potion            |       |     3 ||     3
 Armour: Robe              |     8 |    70 ||    78
  Dodge: Dodged            |    15 |    70 ||    85

Table legend: (Time is in decaauts)
 A = Elapsed time spent in this place.
 B = Non-inter-level travel time spent in this place.
 C = Inter-level travel time spent in this place.
 D = Time resting spent in this place.
 E = Time spent auto-exploring this place.
 F = Levels seen in this place.
 G = Mean time per level.
                   A        B        C        D        E       F      G
               +--------+--------+--------+--------+--------+-----+--------+
         Total |   3189 |   3017 |    172 |    342 |   2159 |   3 | 1063.0 |
       Dungeon |   3189 |   3017 |    172 |    342 |   2159 |   3 | 1063.0 |
               +--------+--------+--------+--------+--------+-----+--------+

Top non-repeatable levels by time:
     D:2: 1308 daAuts
     D:1: 973 daAuts
     D:3: 907 daAuts
